 Dungeon Crawl Stone Soup version 0.29-a0-789-g7a8fcbc185 (webtiles) character file.

Game seed: 12538860153130941414

7436 polve the Severer (level 11, -5/76 (80) HPs)
             Began as a Hill Orc Berserker on July 2, 2022.
             Was a High Priest of Trog.
             Slain by a Tzitzimitl (6 damage)
             ... summoned by a dread lich
             ... on level 3 of the Abyss on July 3, 2022.
             The game lasted 00:14:17 (13283 turns).

polve the Severer (Hill Orc Berserker)             Turns: 13283, Time: 00:14:18

HP:   -5/76 (80)    AC: 16    Str: 21    XL:     11   Next: 15%
MP:   11/11         EV: 10    Int:  3    God:    Trog [*****.]
Gold: 752           SH:  5    Dex: 10    Spells: 10/10 levels left

rFire   . . .      SeeInvis .   v - +1 battleaxe (vorpal)
rCold   . . .      Faith    .   (shield currently unavailable)
rNeg    . . .      Spirit   .   A - +3 scale mail {rPois}
rPois   +          Reflect  +   q - +2 helmet
rElec   .          Harm     .   (no cloak)
rCorr   +          Rampage  .   m - +0 pair of gloves
Will    .....      Rage     9%  a - +0 pair of boots
Stlth   ..........              u - amulet of reflection
HPRegen 0.22/turn               o - ring of resist corrosion
MPRegen 0.12/turn               k - ring of poison resistance

@: about to teleport, on berserk cooldown, slowed, drained, very slow
A: iridescent scales 1, MP-powered wands, [berserk 2], [deformed body], [dopey
2], [frail 2], [weak 2]
a: Renounce Religion, Berserk, Trog's Hand, Brothers in Arms


You were on level 3 of the Abyss.
You worshipped Trog.
Trog was extremely pleased with you.
You visited 1 branch of the dungeon, and saw 10 of its levels.
You visited the Abyss 1 time.

You collected 752 gold pieces.

Inventory:

Hand Weapons
 v - a +1 vorpal battleaxe (weapon)
Armour
 a - a +0 pair of boots (worn)
 m - a +0 pair of gloves (worn)
 q - a +2 helmet (worn)
 A - a +3 scale mail of poison resistance (worn)
Jewellery
 k - a ring of poison resistance (right hand)
 o - a ring of resist corrosion (left hand)
 u - an amulet of reflection (around neck)
 B - an amulet of regeneration
 D - the ring "Dubbag" {Ice rN+ Dex+2}
   (You found it on level 10 of the Dungeon)

   [ring of ice]

   It enhances your ice magic.
   Dex:       It affects your dexterity (+2).
   rF:        It makes you vulnerable to fire.
   rC:        It protects you from cold.
   rN:        It protects you from negative energy.
Wands
 p - a wand of paralysis (12)
Scrolls
 b - a scroll of noise {unknown}
 c - 13 scrolls of teleportation
 e - 2 scrolls of fear {unknown}
 g - a scroll of fog {unknown}
 h - a scroll of silence {unknown}
 i - 4 scrolls of immolation
 l - a scroll of vulnerability {unknown}
 r - a scroll of enchant armour {unknown}
 t - 2 scrolls of torment {unknown}
 w - 6 scrolls of identify
 x - a scroll of enchant weapon {unknown}
 y - a scroll of amnesia {unknown}
 E - a scroll of magic mapping {unknown}
Potions
 d - a potion of haste
 f - 2 potions of brilliance {unknown}
 j - 4 potions of flight
 n - 3 potions of curing
 s - 3 potions of heal wounds
 z - 2 potions of lignification {unknown}
 C - a potion of degeneration {unknown}
 F - a potion of invisibility {unknown}


   Skills:
 + Level 10.7 Fighting
 * Level 15.7 Axes
 + Level 9.5 Armour
 - Level 1.5 Dodging


You had 10 spell levels left.
You didn't know any spells.
Your spell library was empty.

Dungeon Overview and Level Annotations

Branches:
Dungeon (10/15)            Temple (0/1) D:4            Lair (0/6) D:10
    Orc (0/2) D:9

Altars:
Cheibriados
Fedhas
Gozag
Kikubaaqudgha
Nemelex Xobeh
Ru
Sif Muna
Trog
Uskayaw
Vehumet
Wu Jian
Zin
The Shining One
Beogh

Shops:
D:3 (??*(   D:5 :   D:9 =


Innate Abilities, Weirdness & Mutations

You are partially covered in iridescent scales. (AC +2)
You expend magic power (3 MP) to strengthen your wands.
[You have an uncontrollable temper.]
[Armour fits poorly on your strangely shaped body.]
[You are very dopey. (Int -4)]
[You are very frail. (-20% HP)]
[You are very weak. (Str -4)]


Message History

There is an open door here.
The Tzitzimitl attacks as you move away!
The Tzitzimitl engulfs you! The Tzitzimitl bites you!
You feel drained.
The wretched star pulses with an eldritch light!
You feel a little pissed off.
You feel extremely angry at everything!
The Tzitzimitl attacks as you move away!
The Tzitzimitl completely misses you.
The Tzitzimitl bites you but does no damage.
You feel yourself speed up. The Tzitzimitl closely misses you.
The Tzitzimitl bites you!
* * * LOW HITPOINT WARNING * * *
The Tzitzimitl attacks as you move away!
The Tzitzimitl engulfs you!
* * * LOW HITPOINT WARNING * * *
The Tzitzimitl drains your vigour!
You feel yourself slow down.
The Tzitzimitl bites you but does no damage.
You fail to use your ability.
The Tzitzimitl engulfs you!
* * * LOW HITPOINT WARNING * * *
The Tzitzimitl drains your vigour!
You feel as though you will be slow longer.
The Tzitzimitl completely misses you.
You hear some strange, mumbled words.
The Tzitzimitl engulfs you but does no damage.
The Tzitzimitl bites you but does no damage.
The Tzitzimitl attacks as you move away!
The Tzitzimitl engulfs you but does no damage.
The Tzitzimitl bites you.
* * * LOW HITPOINT WARNING * * *
As you read the scroll of teleportation, it crumbles to dust.
You feel strangely unstable.
You feel the power of the Abyss delaying your translocation!
You hear some strange, mumbled words.
The Tzitzimitl engulfs you.
* * * LOW HITPOINT WARNING * * *
The Tzitzimitl drains your vigour!
You feel as though you will be slow longer.
The Tzitzimitl bites you.
* * * LOW HITPOINT WARNING * * *
You feel drained. The Tzitzimitl engulfs you.
You die...

.#... #.#.
##X##. ...#
##3#X## ##.####
#.≈2## #.§W.##
##.#.#
##..§.##*##3##$#
.
#...#.'.1.2§..*#
#.. #34..##.#.
$#
#..###1########.
# #..@#.# $≈.
#..## # ### ###
##


You could see a Tzitzimitl (summoned), a flayed ghost, a sixfirhy (summoned) and
a chaos spawn.

Vanquished Creatures
  2 two-headed ogres
  A troll (D:10)
  A hornet (D:9)
  Sigmund (D:3)
  A wyvern (D:5)
  3 steam dragons
  6 water moccasins
  3 sky beasts
  7 orc warriors
  A black bear (D:10)
  An ogre (D:5)
  7 centaurs
  A kobold brigand (D:6)
  5 scorpions
  Blork the orc (D:4)
  6 bullfrogs
  A gnoll sergeant (D:7)
  A necrophage (D:4)
  16 wights
  2 vampire bats (D:3)
  A jelly (D:5)
  11 orc priests
  5 iguanas
  10 orc wizards
  Natasha (thrice) (D:2)
  6 gnolls
  3 adders
  A shadow imp (D:6)
  A white imp (D:7)
  2 ufetubi
  5 dart slugs
  38 orcs
  7 bats
  5 bat skeletons (D:3)
  7 endoplasms
  4 giant cockroaches
  12 goblins
  10 hobgoblins
  8 jackals (D:1)
  A quokka (D:2)
  5 ball pythons
  3 frilled lizards
  12 kobolds
  11 rats
  2 rat zombies (D:8)
240 creatures vanquished.

Vanquished Creatures (others)
  8 fungi (D:10)
  26 plants
34 creatures vanquished.

Grand Total: 274 creatures vanquished

Notes
Turn   | Place    | Note
-------+----------+-------------------------------------------
     0 | D:1      | polve the Hill Orc Berserker began the quest for the Orb.
     0 | D:1      | Reached XP level 1. HP: 19/19 MP: 1/1
    52 | D:1      | Reached XP level 2. HP: 15/27 MP: 2/2
   928 | D:1      | Reached ** piety under Trog
   929 | D:1      | Reached XP level 3. HP: 24/33 MP: 3/3
  1483 | D:1      | Reached skill level 5 in Axes
  1811 | D:2      | Found a faded altar of an unknown god.
  2215 | D:2      | Noticed Natasha
  2223 | D:2      | Killed Natasha
  2224 | D:2      | Reached XP level 4. HP: 41/41 MP: 4/4
  2338 | D:2      | Noticed Natasha
  2352 | D:2      | Killed Natasha
  2450 | D:2      | Noticed Natasha
  2458 | D:2      | Killed Natasha
  2459 | D:2      | Reached skill level 6 in Axes
  2459 | D:2      | Reached XP level 5. HP: 47/47 MP: 5/5
  2815 | D:3      | Found Laymut's Weapon Emporium.
  2901 | D:3      | Found Vett's Magic Scroll Boutique.
  3029 | D:3      | Found Damoydikh's Weapon Shoppe.
  3126 | D:3      | Noticed Sigmund
  3138 | D:3      | Killed Sigmund
  3139 | D:3      | Reached skill level 5 in Fighting
  3139 | D:3      | Reached skill level 7 in Axes
  3139 | D:3      | Reached XP level 6. HP: 56/56 MP: 6/6
  3181 | D:3      | Found Ugoihopu's Magic Scroll Boutique.
  3218 | D:3      | Found Baluqus's General Store.
  3648 | D:3      | Found an ancient bone altar of Kikubaaqudgha.
  3948 | D:3      | Gained mutation: [You are frail. (-10% HP)] [potion of
                  | mutation]
  3948 | D:3      | Lost mutation: [You are frail. (-10% HP)] [potion of
                  | mutation]
  3948 | D:3      | Gained mutation: You expend magic power (3 MP) to
                  | strengthen your wands. [potion of mutation]
  3948 | D:3      | Gained mutation: You are partially covered in iridescent
                  | scales. (AC +2) [potion of mutation]
  4153 | D:4      | Reached XP level 7. HP: 53/61 MP: 7/7
  4268 | D:4      | Noticed Blork the orc
  4282 | D:4      | Killed Blork the orc
  4283 | D:4      | Reached skill level 8 in Axes
  4345 | D:4      | Identified the +1 long sword "Jellybane" {flame, rF- rC+
                  | Str+3}
  4347 | D:4      | You fall into a shaft and drop 3 floors!
  4910 | D:7      | Reached skill level 5 in Armour
  4919 | D:7      | Reached skill level 9 in Axes
  4919 | D:7      | Reached XP level 8. HP: 40/71 MP: 8/8
  5423 | D:6      | Found a hide-covered altar of Uskayaw.
  5499 | D:6      | Noticed a +0 dagger
  5499 | D:6      | Noticed a +0 hand axe
  5507 | D:6      | Reached *** piety under Trog
  5508 | D:6      | Reached skill level 10 in Axes
  5648 | D:6      | Found a glowing golden altar of the Shining One.
  5814 | D:5      | Entered Level 5 of the Dungeon
  6131 | D:5      | Found a sacrificial altar of Ru.
  6368 | D:4      | Found an ornate altar of the Wu Jian Council.
  6756 | D:4      | Found a staircase to the Ecumenical Temple.
  6850 | D:4      | Found a sparkling altar of Nemelex Xobeh.
  6989 | D:5      | Found a glowing silver altar of Zin.
  7232 | D:5      | Found Howk's Book Shoppe.
  7314 | D:5      | Reached skill level 11 in Axes
  7314 | D:5      | Reached XP level 9. HP: 67/79 MP: 9/9
  7723 | D:5      | Found a shimmering blue altar of Sif Muna.
  8633 | D:7      | Reached **** piety under Trog
  8829 | D:7      | Reached skill level 12 in Axes
  9497 | D:8      | Found a radiant altar of Vehumet.
 10008 | D:8      | Reached skill level 13 in Axes
 10120 | D:8      | Reached XP level 10. HP: 84/91 MP: 10/10
 10182 | D:8      | Found a blossoming altar of Fedhas.
 10349 | D:8      | Found a snail-covered altar of Cheibriados.
 10854 | D:9      | Noticed a two-headed ogre
 10863 | D:9      | Killed a two-headed ogre
 10864 | D:9      | Reached skill level 14 in Axes
 11342 | D:9      | Found Nyareol's Jewellery Shoppe.
 11514 | D:9      | Found a staircase to the Orcish Mines.
 11528 | D:9      | Reached skill level 10 in Fighting
 11894 | D:9      | Found a bloodstained altar of Trog.
 12245 | D:9      | Found a roughly hewn altar of Beogh.
 12404 | D:10     | Entered Level 10 of the Dungeon
 12445 | D:10     | Reached skill level 15 in Axes
 12476 | D:10     | Found a staircase to the Lair.
 12493 | D:10     | Reached XP level 11. HP: 97/101 MP: 11/11
 12514 | D:10     | Identified the ring "Dubbag" {Ice rN+ Dex+2}
 12600 | D:10     | Noticed a two-headed ogre
 12618 | D:10     | Killed a two-headed ogre
 13062 | D:10     | Found an opulent altar of Gozag.
 13153 | D:10     | Reached ***** piety under Trog
 13244 | Abyss:2  | Cast into level 2 of the Abyss (gnoll sergeant)
 13264 | Abyss:3  | Noticed a shadow demon
 13265 | Abyss:3  | Noticed a starcursed mass
 13266 | Abyss:3  | Noticed a cacodemon
 13266 | Abyss:3  | Noticed a sixfirhy
 13266 | Abyss:3  | Noticed a sixfirhy
 13266 | Abyss:3  | Noticed a sixfirhy
 13268 | Abyss:3  | Noticed a wretched star
 13270 | Abyss:3  | Noticed a dread lich
 13273 | Abyss:3  | Noticed a hell beast
 13275 | Abyss:3  | Noticed a Tzitzimitl
 13282 | Abyss:3  | Noticed an Executioner
 13283 | Abyss:3  | Noticed a flayed ghost
 13283 | Abyss:3  | HP: 3/77 [Tzitzimitl[a dread lich] (3)]
 13283 | Abyss:3  | HP: 1/77 [Tzitzimitl[a dread lich] (2)]
 13283 | Abyss:3  | Slain by a Tzitzimitl

Illustrated notes

Levels and vault maps discovered:
D:1:      minmay_arrival_doors, layout_loops_ring, reono_crystal_passage,
          minivault_14
D:2:      layout_loops_cross, shapermc_ecumenical_altar_venn,
          minmay_rat_gold_closets, uniq_natasha
D:3:      layout_loops_corners, kennysheep_vampire_church, serial_shops,
          nicolae_shop_advertising_works [nicolae_subvault_shop_adworks],
          nicolae_lakefront_shop, shop_scrolls, shop, shop, uniq_sigmund
D:4:      layout_loops_ring, nicolae_overflow_crystal_walls,
          mainiacjoe_overflow_chevrons, minmay_temple_entry_fiery,
          solitary_fountain, minmay_ruptured, uniq_blork_the_orc
D:5:      layout_basic, mainiacjoe_overflow_cross_hatched, zin_academy,
          led_sif_pool, serial_shops, nicolae_diamond_shop, minmay_fountain_box,
          minmay_bent
D:6:      cheibrodos_thug_alley, layout_loops_ring, lemuel_doored_altar,
          dancing_weapons_uskayaw, corexii_shack
D:7:      layout_basic, minivault_10, chequers_serial_rivers_large_b
D:8:      layout_loops_ring, mainiacjoe_overflow_brackets,
          fedhas_ov_isle_minmay, fiery_altar_vehumet, enter_ossuary_4
D:9:      layout_cave_pools, trog_hazing_becter, minmay_orc_entry_temple_small,
          minmay_shop_enchanted_jewellery, library_closet, minmay_misc_feat_x,
          hangedman_decor_diamond_cutter
D:10:     layout_irregular_city, general_overflow_altar,
          nicolae_gozag_seed_capital, nicolae_hepliaklqana_monster_ancestors,
          due_lair_maze_entry_diamond
Abyss:3:  base: D:8, guppyfry_abyss_exit_imp_island, hangedman_cross_veins,
          evilmike_abyss_rune_ettins

Skill      XL: |  1  2  3  4  5  6  7  8  9 10 |
---------------+-------------------------------+-----
Fighting       | 4 5 6 7 9 10 | 10.7
Axes           | 5 6 7 9 11 13 15 | 15.7
Armour         | 3 4 5 6 7 9 |  9.5
Dodging        | |  1.5

Action                   |  1- 3 |  4- 6 |  7- 9 | 10-12 || total
-------------------------+-------+-------+-------+-------++-------
Melee: Hand axe          |   169 |   104 |   260 |       ||   533
       Punch             |       |     1 |     4 |       ||     5
       Battleaxe         |       |       |   145 |   187 ||   332
Invok: Berserk           |     2 |     4 |     8 |     8 ||    22
       Trog's Hand       |       |       |       |     1 ||     1
  Use: Scroll            |       |     5 |     2 |     1 ||     8
       Potion            |       |     1 |       |     1 ||     2
 Stab: Sleeping          |     1 |       |       |       ||     1
Armor: Animal skin       |    13 |       |       |       ||    13
       Ring mail         |    26 |    50 |    24 |       ||   100
       Chain mail        |       |       |   167 |       ||   167
       Scale mail        |       |       |    44 |   104 ||   148
Dodge: Dodged            |   105 |    63 |   167 |    94 ||   429
Block: Other             |       |       |    31 |    62 ||    93
       Reflection        |       |       |     2 |     2 ||     4

Table legend: (Time is in decaauts)
 A = Elapsed time spent in this place.
 B = Non-inter-level travel time spent in this place.
 C = Inter-level travel time spent in this place.
 D = Time resting spent in this place.
 E = Time spent auto-exploring this place.
 F = Levels seen in this place.
 G = Mean time per level.
                   A        B        C        D        E       F      G
               +--------+--------+--------+--------+--------+-----+--------+
         Total |  13505 |  13128 |    377 |    372 |  11010 |  12 | 1125.4 |
       Dungeon |  13452 |  13075 |    377 |    359 |  11003 |  10 | 1345.2 |
         Abyss |     53 |     53 |      0 |     13 |      7 |   2 |   26.5 |
               +--------+--------+--------+--------+--------+-----+--------+

Top non-repeatable levels by time:
     D:1: 1712 daAuts
     D:8: 1626 daAuts
     D:9: 1604 daAuts
     D:7: 1548 daAuts
     D:5: 1398 daAuts
     D:3: 1339 daAuts
     D:6: 1217 daAuts
     D:4: 1106 daAuts
     D:2: 1055 daAuts
    D:10: 843 daAuts
 Abyss:3: 36 daAuts
 Abyss:2: 16 daAuts
